 Dungeon Crawl Stone Soup version 0.26.1-2-gb8aa6d0cf2 (webtiles) character file.

Game seed: 15697370916443222370

240 Ladykiller69 the Slasher (level 5, -5/47 HPs)
             Began as a Minotaur Gladiator on Mar 18, 2021.
             Slain by an ogre
             ... wielding a +0 giant spiked club
              (30 damage)
             ... on level 4 of the Dungeon.
             The game lasted 00:03:41 (2863 turns).

Ladykiller69 the Slasher (Minotaur Gladiator)       Turns: 2863, Time: 00:03:41

Health: -5/47      AC:  3    Str: 19    XL:     5   Next: 80%
Magic:  4/4        EV: 13    Int:  5    God:
Gold:   130        SH:  0    Dex: 12    Spells: 4/4 levels left

rFire    . . .     SeeInvis .   a - +0 long sword
rCold    . . .     Faith    .   (no shield)
rNeg     . . .     Spirit   .   b - +0 leather armour
rPois    .         Reflect  .   c - +0 hat
rElec    .         Harm     .   (no cloak)
rCorr    .         Rampage  .   (no gloves)
Will     .....                  (no boots)
Stlth    +.........             (no amulet)
HPRegen  0.15/turn              (no ring)
MPRegen  0.09/turn              (no ring)

@: no status effects
A: retaliatory headbutt, horns 2
a: no special abilities


You were on level 4 of the Dungeon.
You visited 1 branch of the dungeon, and saw 4 of its levels.

You collected 130 gold pieces.

Inventory:

Hand Weapons
 a - a +0 long sword (weapon)
Missiles
 d - 3 throwing nets
 t - 3 boomerangs (quivered)
Armour
 b - a +0 leather armour (worn)
 c - a +0 hat (worn)
Scrolls
 e - 4 scrolls of amnesia {unknown}
 g - a scroll of fog {unknown}
 h - 2 scrolls of teleportation {unknown}
 j - a scroll of identify {unknown}
 k - 2 scrolls of remove curse {unknown}
 l - 2 scrolls of magic mapping {unknown}
 m - a scroll of enchant armour {unknown}
 n - a scroll of random uselessness {unknown}
 o - a scroll of noise {unknown}
 q - a scroll of enchant weapon {unknown}
Potions
 f - a potion of magic {unknown}
 i - 2 potions of flight {unknown}
 p - a potion of lignification {unknown}
 r - 2 potions of curing {unknown}
 s - a potion of mutation {unknown}


   Skills:
 + Level 4.5 Fighting
 * Level 6.6 Long Blades
 - Level 2.0 Throwing
 - Level 0.8 Armour
 - Level 3.4 Dodging


You had 4 spell levels left.
You didn't know any spells.
Your spell library was empty.

Dungeon Overview and Level Annotations

Branches:
Dungeon (4/15)
 Temple: D:4-7

Altars:
Gozag
Qazlal

Shops:
D:4 !

Annotations:
D:4 Sigmund


Innate Abilities, Weirdness & Mutations

You reflexively headbutt those who attack you in melee.
You have a pair of horns on your head.


Message History

Throw: 3 boomerangs
Press: ? - help, Q - select action, (/) - cycle Shift-Dir - straight line, f - ogre
Aim: an ogre, wielding a +0 giant spiked club (75% to hit)
You throw a boomerang. The boomerang hits the ogre.
The ogre is lightly wounded.
Throw: 3 boomerangs
Press: ? - help, Q - select action, (/) - cycle Shift-Dir - straight line, f/p - ogre
Aim: an ogre, wielding a +0 giant spiked club (lightly wounded, 75% to hit)
You throw a boomerang. The boomerang closely misses the ogre.
The ogre barely misses you.
You hit the ogre.
The ogre is moderately wounded.
You hit the ogre.
The ogre is heavily wounded.
The ogre hits you with a +0 giant spiked club!
You hit the ogre but do no damage.
The ogre is heavily wounded.
The ogre hits you with a +0 giant spiked club!!
Ouch! That really hurt!
You die...

..#.∩.. ...... .......
..... .. ......#.....####
.### ............... ...
#.......#.#.# #.. #.
#.....#.#...# #.. #.
#.##..)O##.....# #.. #..
#..#...@##.....+ +..
#...#..+.........# # #
....#..#######.#.#.# #
#................###+ ..
#..........#.)....... ....
..
#..#.....).#.....##.###..+
..# ##................(.#
####
....#....##..........####
. ....#....####........# .


You could see an ogre.

Vanquished Creatures
  An orc wizard (D:4)
  Ijyb (D:4)
  3 gnolls (D:2)
  6 adders
  2 worms
  3 dart slugs
  3 leopard geckos
  9 orcs
  5 bats
  8 giant cockroaches
  7 goblins
  10 hobgoblins
  4 jackals (D:1)
  6 kobolds
  A ball python (D:4)
  4 frilled lizards
  5 rats
78 creatures vanquished.

Vanquished Creatures (others)
  Robin (D:3)
  2 goblins (D:3)
3 creatures vanquished.

Grand Total: 81 creatures vanquished

Notes
Turn   | Place    | Note
-------+----------+-------------------------------------------
     0 | D:1      | Ladykiller69 the Minotaur Gladiator began the quest for the
                  | Orb.
     0 | D:1      | Reached XP level 1. HP: 18/18 MP: 0/0
   126 | D:1      | Reached XP level 2. HP: 24/25 MP: 1/1
   137 | D:1      | Reached skill level 4 in Long Blades
   361 | D:1      | Reached XP level 3. HP: 31/31 MP: 2/2
   920 | D:2      | Reached skill level 5 in Long Blades
   989 | D:2      | Reached XP level 4. HP: 29/38 MP: 3/3
  1197 | D:2      | Found an opulent altar of Gozag.
  1525 | D:3      | Noticed Robin
  1617 | D:3      | Reached XP level 5. HP: 46/46 MP: 4/4
  1768 | D:3      | Killed Robin
  1884 | D:3      | Found a stormy altar of Qazlal.
  2277 | D:3      | Reached skill level 6 in Long Blades
  2380 | D:4      | Noticed Sigmund
  2793 | D:4      | Noticed Ijyb
  2838 | D:4      | Killed Ijyb
  2855 | D:4      | Found Danaps's Distillery.
  2855 | D:4      | Noticed an ogre
  2863 | D:4      | Slain by an ogre

Illustrated notes

Levels and vault maps discovered:
D:1:      scummos_arrival_star, layout_rooms
D:2:      layout_rooms, nicolae_gozag_cash_rules_everything_around_me
D:3:      layout_basic, grunt_qazlal_clouds, chequers_jeans, uniq_robin
D:4:      layout_basic, lemuel_doored_altar, gammafunk_temple_overflow_wave,
          temple_fountains, serial_shops, shop, st_stairs_5,
          hangedman_ru_absence, uniq_sigmund, uniq_ijyb

Skill      XL: |  1  2  3  4  5 |
---------------+----------------+-----
Long Blades    | 4 5 6 |  6.6
Fighting       | 3 4 |  4.5
Throwing       | |  2.0
Armour         | |  0.8
Dodging        | |  3.4

Action                   |  1- 3 |  4- 6 || total
-------------------------+-------+-------++-------
Melee: Long sword        |    60 |   108 ||   168
       Headbutt          |     9 |    13 ||    22
       Unarmed           |       |    13 ||    13
Throw: Throwing net      |     3 |       ||     3
       Boomerang         |       |     2 ||     2
 Stab: Sleeping          |       |     1 ||     1
       Confused          |       |     1 ||     1
Armor: Leather armour    |    13 |    18 ||    31
       Skin              |       |    14 ||    14
Dodge: Dodged            |    51 |    85 ||   136
       Rpst.: Long sword |    12 |    22 ||    34
